 Dungeon Crawl Stone Soup version 0.27-a0-1500-g450c7e4133 (webtiles) character file.

Game seed: 11969165449182539835

1652 EatSleepCrawl the Conjurer (level 8, -2/58 HPs)
             Began as a Grey Draconian Conjurer on July 7, 2021.
             Was an Initiate of Sif Muna.
             Killed from afar by a gargoyle (11 damage)
             ... with a stone arrow
             ... on level 6 of the Dungeon.
             The game lasted 00:19:44 (7003 turns).

EatSleepCrawl the Conjurer (DrCj)                   Turns: 7003, Time: 00:19:45

Health: -2/58      AC: 13    Str:  9    XL:     8   Next: 68%
Magic:  12/18      EV: 12    Int: 20    God:    Sif Muna [......]
Gold:   292        SH:  5    Dex: 11    Spells: 10/21 levels left

rFire    . . .     SeeInvis .   r - +2 dagger (holy)
rCold    . . .     Faith    .   (no shield)
rNeg     . . .     Spirit   .   (armour unavailable)
rPois    .         Reflect  +   (helmet restricted)
rElec    .         Harm     .   j - +1 cloak
rCorr    .         Rampage  .   (no gloves)
Will     .....                  (no boots)
Stlth    ++........             c - amulet of reflection
HPRegen  0.19/turn              (no ring)
MPRegen  0.16/turn              (no ring)

@: no status effects
A: AC +11, amphibious, unfitting armour, cold-blooded
a: Renounce Religion


You were on level 6 of the Dungeon.
You worshipped Sif Muna.
Sif Muna was noncommittal.
You visited 1 branch of the dungeon, and saw 6 of its levels.

You collected 292 gold pieces.

Inventory:

Hand Weapons
 r - a +2 dagger of holy wrath (weapon)
Missiles
 d - 12 javelins
 g - 2 throwing nets
Armour
 j - a +1 cloak (worn)
Jewellery
 c - an amulet of reflection (around neck)
 h - an amulet of the acrobat
 o - a ring of ice
Wands
 i - a wand of mindburst (10)
Scrolls
 b - a scroll of magic mapping {unknown}
 e - a scroll of summoning {unknown}
 f - a scroll of enchant armour
 l - a scroll of acquirement {unknown}
Potions
 a - 2 potions of brilliance
 k - a potion of resistance {unknown}
 m - a potion of attraction {unknown}
 n - a potion of might {unknown}
 q - 2 potions of mutation


   Skills:
 + Level 0.5 Fighting
 + Level 0.3 Short Blades
 + Level 2.8 Dodging
 + Level 2.9 Stealth
 + Level 1.3 Shields
 * Level 7.2 Spellcasting
 * Level 7.4 Conjurations
 * Level 2.5 Hexes


You had 10 spell levels left.
You knew the following spells:

 Your Spells              Type           Power      Damage    Failure   Level
a - Magic Dart            Conj           100%       1d8       1%          1
b - Searing Ray           Conj           74%        3d6       1%          2
c - Fulminant Prism       Conj/Hex       13%        3d9       12%         4
d - Petrify               Tmut/Erth      7%         N/A       67%         4

Your spell library contained the following spells:

 Spells                   Type           Power      Damage    Failure   Level
 Dazzling Flash           Conj/Hex       54%        N/A       3%          3
 Summon Small Mammal      Summ           28%        N/A       10%         1
 Corpse Rot               Necr/Air       N/A        N/A       14%         2
 Passwall                 Tmut/Erth      5%         N/A       14%         2
 Sublimation of Blood     Necr           3%         N/A       14%         2
 Summon Guardian Golem    Hex/Summ       12%        N/A       16%         3
 Iskenderun's Mystic Bla  Conj/Tloc      22%        2d6       21%         4
 Call Canine Familiar     Summ           7%         N/A       28%         3
 Swiftness                Air            7%         N/A       28%         3
 Irradiate                Conj/Tmut      11%        3d17      50%         5
 Dispel Undead            Necr           7%         3d8       67%         4
 Invisibility             Hex            8%         N/A       99%         6
 Death Channel            Necr           3%         N/A       100%        6


Dungeon Overview and Level Annotations

Branches:
Dungeon (6/15)             Temple (0/1) D:6

Altars:
Okawaru
Qazlal
Sif Muna
Uskayaw
Wu Jian
Xom
Zin

Annotations:
D:4 1 runed translucent door, Crazy Yiuf


Innate Abilities, Weirdness & Mutations

Your dull iron-grey scales are very hard. (AC +11)
You are amphibious.
You cannot fit into any form of body armour.
You are cold-blooded and may be slowed by cold attacks.


Message History

Aiming: Magic Dart (safe; 1% risk of failure)
Press: ? - help, Shift-Dir - straight line, f - gargoyle
Aim: a gargoyle, wielding a +0 flail (dormant, 100% to hit)
The magic dart hits the gargoyle but does no damage.
Casting: Magic Dart (safe; 1% risk of failure)
Confirm with . or Enter, or press ? or * to list all spells.
Aiming: Magic Dart (safe; 1% risk of failure)
Press: ? - help, Shift-Dir - straight line, f/p - gargoyle
Aim: a gargoyle, wielding a +0 flail (100% to hit)
The magic dart hits the gargoyle.
The gargoyle is lightly damaged.
Casting: Magic Dart (safe; 1% risk of failure)
Confirm with . or Enter, or press ? or * to list all spells.
Aiming: Magic Dart (safe; 1% risk of failure)
Press: ? - help, Shift-Dir - straight line, f/p - gargoyle
Aim: a gargoyle, wielding a +0 flail (lightly damaged, 100% to hit)
The magic dart hits the gargoyle but does no damage.
The gargoyle is lightly damaged.
Unknown command.
Casting: Magic Dart (safe; 1% risk of failure)
Confirm with . or Enter, or press ? or * to list all spells.
Aiming: Searing Ray (safe; 1% risk of failure)
Press: ? - help, Shift-Dir - straight line, f/p - gargoyle
Aim: a gargoyle, wielding a +0 flail (lightly damaged, 91% to hit)
The searing ray hits the gargoyle but does no damage.
The gargoyle is lightly damaged. (Press . to maintain the ray.)
The gargoyle hurls a stone arrow at you.
The stone arrow hits you!!
The searing ray hits the gargoyle!
The gargoyle is heavily damaged.
The gargoyle hurls a stone arrow at you.
The stone arrow hits you!!
* * * LOW HITPOINT WARNING * * *
Unknown command.
The searing ray hits the gargoyle but does no damage.
The gargoyle is heavily damaged.
The gargoyle hurls a stone arrow at you.
The stone arrow hits you!
You die...

...# ...#
#################.#
..................#
...#########''####...
##.# ##........##
##[# ##..........##
##.# #............##
...# ..........@...##
####
?......†.......##
...#
................#
...#
................#
.#.#
.....♣..♣9......#
.#.+
......♣♣[.......+
.#.+ ......
♣?.......+ ##<#
.....♣ .♣.......# #.#
..... ..........#


You could see a gargoyle.

Vanquished Creatures
  A manticore (D:6)
  4 ogres
  A phantom (D:6)
  3 scorpions
  A wyvern skeleton (D:5)
  A water moccasin skeleton (D:5)
  A howler monkey (D:6)
  A bullfrog zombie (D:5)
  2 hounds
  3 orc priests
  Jessica (D:3)
  3 orc wizards
  A hound zombie (D:5)
  4 adders
  10 gnolls
  A river rat (D:5)
  A shadow imp (D:5)
  A white imp (D:5)
  2 adder skeletons (D:4)
  A worm (D:3)
  2 dart slugs
  8 orcs
  4 ball pythons
  7 endoplasms
  8 giant cockroaches
  5 goblins
  8 hobgoblins
  6 jackals
  3 quokkas
  9 bats
  4 frilled lizards
  5 kobolds
  9 rats
121 creatures vanquished.

Vanquished Creatures (others)
  A fungus (D:4)
1 creature vanquished.

Grand Total: 122 creatures vanquished

Notes
Turn   | Place    | Note
-------+----------+-------------------------------------------
     0 | D:1      | EatSleepCrawl the Draconian Conjurer began the quest for
                  | the Orb.
     0 | D:1      | Reached XP level 1. HP: 14/14 MP: 3/3
   210 | D:1      | Reached XP level 2. HP: 17/20 MP: 0/5
   213 | D:1      | Learned a level 2 spell: Searing Ray
  1019 | D:1      | Reached XP level 3. HP: 26/26 MP: 0/6
  2196 | D:2      | Reached XP level 4. HP: 33/33 MP: 5/8
  2308 | D:2      | Found a faded altar of an unknown god.
  2666 | D:3      | Learned a level 4 spell: Fulminant Prism
  2727 | D:3      | Found an ornate altar of the Wu Jian Council.
  3010 | D:3      | Found an iron altar of Okawaru.
  3154 | D:3      | Noticed a +0 short sword
  3154 | D:3      | Noticed a +0 falchion
  3154 | D:3      | Noticed a +0 falchion
  3155 | D:3      | Noticed a +0 spear
  3155 | D:3      | Noticed a +0 dagger
  3156 | D:3      | Noticed a +0 spear
  3157 | D:3      | Noticed a +0 short sword
  3172 | D:3      | Noticed Jessica
  3175 | D:3      | Killed Jessica
  3176 | D:3      | Reached XP level 5. HP: 38/38 MP: 5/10
  3215 | D:3      | Noticed a +0 dagger
  3229 | D:3      | Found a hide-covered altar of Uskayaw.
  3497 | D:4      | Reached skill level 5 in Conjurations
  3533 | D:4      | Noticed an ogre
  3538 | D:4      | Killed an ogre
  3632 | D:4      | Reached XP level 6. HP: 45/45 MP: 6/12
  3823 | D:4      | Reached skill level 1 in Hexes
  3910 | D:4      | Found a stormy altar of Qazlal.
  3912 | D:4      | Noticed an air elemental
  3912 | D:4      | Noticed a water elemental
  3913 | D:4      | Noticed a fire elemental
  4576 | D:4      | Found a runed translucent door.
  4577 | D:4      | Noticed Crazy Yiuf
  4665 | D:5      | Entered Level 5 of the Dungeon
  4771 | D:5      | Your scales start taking on a dull iron-grey colour.
  4771 | D:5      | Reached XP level 7. HP: 50/50 MP: 0/14
  4800 | D:5      | Reached skill level 1 in Shields
  4800 | D:5      | Reached skill level 5 in Spellcasting
  5434 | D:5      | Found a glowing silver altar of Zin.
  5725 | D:5      | Found a shimmering blue altar of Sif Muna.
  5737 | D:5      | Became a worshipper of Sif Muna the Loreminder
  5969 | D:5      | Found a shimmering altar of Xom.
  6289 | D:5      | Reached XP level 8. HP: 57/57 MP: 11/17
  6331 | D:5      | Learned a level 4 spell: Petrify
  6695 | D:6      | Found a staircase to the Ecumenical Temple.
  6786 | D:6      | Noticed a manticore
  6798 | D:6      | Killed a manticore
  6992 | D:6      | Noticed a gargoyle
  7003 | D:6      | Killed from afar by a gargoyle

Illustrated notes

Levels and vault maps discovered:
D:1:      evilmike_arrival_hilbert_curve, layout_rooms, hangedman_decor_push,
          minmay_indecisive_spiral
D:2:      layout_loops_ring, shapermc_ecumenical_altar_pompeii,
          minmay_misc_feat_diagonals
D:3:      layout_basic, nicolae_uskayaw_en_pointe, okawaru_altar_gauntlet_db,
          overflow_temple_1_default, uniq_jessica
D:4:      layout_gridville, nicolae_qazlal_style_of_elements,
          grunt_ministairs_5, uniq_crazy_yiuf_cottage
D:5:      layout_gridville, overflow_temple_1_default,
          kennysheep_orc_sif_temple, kennysheep_mini_moat, portal_sewer_entry_b,
          kennysheep_generic_room_6
D:6:      kennysheep_big_flooded_room, layout_basic, marbit_many_paths,
          mainiacjoe_overflow_paths, temple_pool_b, grunt_decor_fettered

Skill      XL: |  1  2  3  4  5  6  7  8 |
---------------+-------------------------+-----
Stealth        | 2 |  2.9
Dodging        | 2 |  2.8
Spellcasting   | 3 4 6 7 |  7.2
Conjurations   | 5 6 7 |  7.4
Hexes          | 1 2 |  2.5
Shields        | 1 |  1.3
Fighting       | |  0.5
Short Blades   | |  0.3

Action                   |  1- 3 |  4- 6 |  7- 9 || total
-------------------------+-------+-------+-------++-------
Melee: Club              |    18 |       |       ||    18
       Tailslap          |     1 |     2 |     2 ||     5
       Whip              |       |     4 |       ||     4
       Dagger            |       |     5 |    21 ||    26
 Cast: Magic Dart        |    75 |   107 |    86 ||   268
       Searing Ray       |     1 |     6 |    12 ||    19
  Use: Scroll            |       |       |    10 ||    10
       Potion            |       |       |     3 ||     3
 Stab: Sleeping          |       |     1 |       ||     1
Armor: Skin              |     7 |     7 |    20 ||    34
Dodge: Dodged            |    17 |    16 |    22 ||    55
Block: Other             |     3 |     8 |    13 ||    24
       Reflection        |       |     2 |     1 ||     3

Table legend: (Time is in decaauts)
 A = Elapsed time spent in this place.
 B = Non-inter-level travel time spent in this place.
 C = Inter-level travel time spent in this place.
 D = Time resting spent in this place.
 E = Time spent auto-exploring this place.
 F = Levels seen in this place.
 G = Mean time per level.
                   A        B        C        D        E       F      G
               +--------+--------+--------+--------+--------+-----+--------+
         Total |   7016 |   6782 |    234 |    404 |   5630 |   6 | 1169.3 |
       Dungeon |   7016 |   6782 |    234 |    404 |   5630 |   6 | 1169.3 |
               +--------+--------+--------+--------+--------+-----+--------+

Top non-repeatable levels by time:
     D:5: 1764 daAuts
     D:1: 1684 daAuts
     D:4: 1178 daAuts
     D:3: 1060 daAuts
     D:2: 751 daAuts
     D:6: 578 daAuts
